 Dungeon Crawl Stone Soup version 0.23.1-37-gaa34b87 (webtiles) character file.

Game seed: 8805304548124449976

2190 night the Gusty (level 9, -5/57 HPs)
             Began as a Demonspawn Air Elementalist on Mar 22, 2019.
             Was an Initiate of Cheibriados.
             Slain by a two-headed ogre
             ... wielding a +0 giant club
              (14 damage)
             ... on level 8 of the Dungeon.
             The game lasted 00:33:33 (9714 turns).

night the Gusty (Demonspawn Air Elementalist)       Turns: 9714, Time: 00:33:35

Health: -5/57      AC: 19    Str: 10    XL:     9   Next: 12%
Magic:  12/16      EV: 12    Int: 21    God:    Cheibriados [......]
Gold:   417        SH:  0    Dex: 14    Spells: 3/18 levels left

rFire    . . .     SeeInvis .   z - +1 quarterstaff (protect)
rCold    . . .     Gourm    .   (shield currently unavailable)
rNeg     . . .     Faith    .   j - +1 robe {MR+}
rPois    .         Spirit   .   (no helmet)
rElec    .         Reflect  .   (no cloak)
rCorr    .         Harm     .   (no gloves)
MR       +....                  (no boots)
Stlth    ++........             (no amulet)
HPRegen  0.19/turn              (no ring)
MPRegen  0.15/turn              (no ring)

@: sanguine armour, protection aura, very slow
A: powered by death 2, sanguine armour 2
a: Bend Time, Renounce Religion


You were on level 8 of the Dungeon.
You worshipped Cheibriados.
Cheibriados was noncommittal.
You were not hungry.

You visited 2 branches of the dungeon, and saw 9 of its levels.
You also visited: Sewer.

You collected 417 gold pieces.

Inventory:

Hand Weapons
 b - a +3 shortbow
 g - a +0 short sword
 h - a +0 hunting sling
 p - a +2 whip of pain
 z - a +1 quarterstaff of protection (weapon)
 B - the +7 great mace "Firestarter" {inner flame, rF++}
   (You found it on level 4 of the Dungeon)

   It has been specially enchanted to burn those struck by it, causing extra
   injury to most foes and up to half again as much damage against particularly
   susceptible opponents.
   It greatly protects you from fire.
Missiles
 d - 72 bolts
 f - 68 sling bullets
 k - 175 arrows
 s - 372 stones (quivered)
Armour
 a - +0 gold dragon scales
 j - a +1 robe of magic resistance (worn)
Wands
 D - a wand of acid (11)
Scrolls
 e - 5 scrolls of identify
 l - 7 scrolls of remove curse
 m - 5 scrolls of teleportation
 x - 2 scrolls of magic mapping
 y - 2 scrolls of enchant armour
 C - a scroll of fog
 E - a scroll of fear
Potions
 i - 2 potions of agility
 n - 4 potions of curing
 o - 4 potions of might {unknown}
 q - a potion of berserk rage {unknown}
 r - 4 potions of mutation {unknown}
 t - 4 potions of lignification
 u - a potion of brilliance {unknown}
 v - 2 potions of heal wounds {unknown}
 w - 2 potions of invisibility {unknown}
 A - 3 potions of ambrosia {unknown}
Comestibles
 c - 20 rations
 F - 5 chunks of flesh


   Skills:
 + Level 4.5 Maces & Flails
 * Level 4.2 Armour
 - Level 1.7 Dodging
 - Level 1.7 Stealth
 - Level 5.2 Spellcasting
 - Level 5.4 Conjurations
 - Level 6.1 Air Magic


You had 3 spell levels left.
You knew the following spells:

 Your Spells              Type           Power        Failure   Level  Hunger
a - Shock                 Conj/Air       ####         1%          1    None
b - Static Discharge      Conj/Air       ####....     3%          3    ##.....
c - Airstrike             Air            ####......   9%          4    ####...
d - Swiftness             Chrm/Air       ###.....     4%          2    None
e - Lightning Bolt        Conj/Air       ####......   26%         5    #####..

Your spell library contained the following spells:

 Spells                   Type           Power        Failure   Level  Hunger
 Summon Small Mammal      Summ           #...         11%         1    None
 Call Imp                 Summ           #.......     16%         2    None
 Call Canine Familiar     Summ           #.......     32%         3    ##.....
 Summon Guardian Golem    Hex/Summ       #.......     32%         3    ##.....
 Summon Lightning Spire   Summ/Air       ###.....     30%         4    ####...
 Summon Ice Beast         Ice/Summ       #.......     71%         4    ####...


Dungeon Overview and Level Annotations

Branches:
Dungeon (8/15)             Temple (1/1) D:5
   Lair: D:8-11

Altars:
Ashenzari
Cheibriados
Dithmenos
Elyvilon
Fedhas
Gozag
Hepliaklqana
Kikubaaqudgha
Makhleb
Nemelex Xobeh
Okawaru
Qazlal
Ru
Uskayaw
Vehumet
Wu Jian
Xom
Yredelemnul
Zin
The Shining One


Innate Abilities, Weirdness & Mutations

You regenerate health from kills.
When seriously injured, your bleeding wounds create thick armour. (AC +9)


Message History

The two-headed ogre hits you with a +0 giant club!!
Your blood congeals into armour.
The two-headed ogre barely misses you.
You completely miss the two-headed ogre.
The two-headed ogre is heavily wounded.
The two-headed ogre hits you with a +0 giant club.
The two-headed ogre hits you with a +0 dire flail.
You hit the two-headed ogre.
Your weapon exudes an aura of protection.
The two-headed ogre is heavily wounded.
The two-headed ogre closely misses you.
The two-headed ogre hits you but does no damage.
You barely miss the two-headed ogre.
The two-headed ogre is heavily wounded.
You hit the two-headed ogre.
The two-headed ogre is severely wounded.
The two-headed ogre hits you with a +0 giant club!!
* * * LOW HITPOINT WARNING * * *
The two-headed ogre misses you.
The two-headed ogre hits you with a +0 giant club!
You die...

##.# ....#.... #)#
.....####. ###)## #......#
#. #..รท.# #....... ..
#.#..# #......##### #....#
.. ##.### .. ##### #O# #.
#.... #@# ###.####.### #.#
......##.### ##r##
#......... #####...#
###.......
#.....#.....##..<......
#.....?.##.............
.........#####.##.#.###.#.
P.P.../..# .......).#.
.....P.... ###.#######.


You could see a two-headed ogre and a porcupine.

Vanquished Creatures
  Eustachio (D:4)
  A water moccasin (D:5)
  A sky beast (D:5)
  An ice beast (D:6)
  Purgy (D:3)
  A black bear (D:8)
  4 ogres
  A centaur (D:5)
  A big kobold (D:8)
  A bullfrog (D:7)
  A gnoll sergeant (D:4)
  3 scorpions
  5 wights (D:6)
  A jelly (D:6)
  2 howler monkeys
  A centaur zombie (D:6)
  A quasit (D:4)
  3 hounds
  Jessica (D:3)
  Ijyb (D:4)
  An iguana (D:7)
  2 worker ants
  A hound skeleton (D:4)
  Robin (D:2)
  3 gnolls (D:4)
  A river rat (D:3)
  7 adders
  An adder skeleton (D:5)
  3 worms
  2 dart slugs (D:1)
  7 leopard geckos
  2 orcs
  5 ball pythons
  4 bats
  8 giant cockroaches
  19 goblins
  7 hobgoblins
  6 jackals
  11 kobolds
  4 quokkas
  9 frilled lizards
  A quokka skeleton (D:6)
  9 rats
146 creatures vanquished.

Vanquished Creatures (others)
  33 fungi (D:8)
  12 plants (D:8)
45 creatures vanquished.

Grand Total: 191 creatures vanquished

Notes
Turn   | Place    | Note
-------+----------+-------------------------------------------
     0 | D:1      | night the Demonspawn Air Elementalist began the quest for
                  | the Orb.
     0 | D:1      | Reached XP level 1. HP: 13/13 MP: 3/3
   408 | D:1      | Reached skill level 3 in Air Magic
   408 | D:1      | Gained mutation: When seriously injured, your bleeding
                  | wounds create armour. (AC +9) [demonic ancestry]
   408 | D:1      | Reached XP level 2. HP: 19/19 MP: 1/5
  1052 | D:1      | Gained mutation: You regenerate a little health from kills.
                  | [demonic ancestry]
  1052 | D:1      | Reached XP level 3. HP: 24/24 MP: 1/6
  1628 | D:2      | Learned a level 3 spell: Static Discharge
  1651 | D:2      | Found a sparkling altar of Nemelex Xobeh.
  2146 | D:2      | Gained mutation: When seriously injured, your bleeding
                  | wounds create thick armour. (AC +9) [demonic ancestry]
  2146 | D:2      | Reached XP level 4. HP: 30/30 MP: 4/7
  2498 | D:2      | Noticed Robin
  2502 | D:2      | Killed Robin
  2734 | D:2      | Reached skill level 4 in Air Magic
  2851 | D:2      | Learned a level 4 spell: Airstrike
  3188 | D:3      | Reached XP level 5. HP: 29/35 MP: 2/9
  3506 | D:3      | Found a glowing drain.
  3620 | Sewer    | Entered a sewer
  3669 | D:3      | Noticed Jessica
  3675 | D:3      | Killed Jessica
  3680 | D:3      | Noticed Purgy
  3728 | D:3      | Killed Purgy
  3728 | D:3      | Reached XP level 6. HP: 16/41 MP: 0/11
  4245 | D:4      | Noticed Ijyb
  4589 | D:4      | Noticed Eustachio
  4920 | D:4      | Found the +7 great mace "Firestarter" {inner flame, rF++}
  4986 | D:4      | Found a hazy altar of Hepliaklqana.
  5022 | D:4      | Reached skill level 5 in Air Magic
  5309 | D:4      | Reached skill level 1 in Maces & Flails
  5309 | D:4      | Gained mutation: You regenerate health from kills. [demonic
                  | ancestry]
  5309 | D:4      | Reached XP level 7. HP: 21/46 MP: 13/13
  5531 | D:4      | Killed Eustachio
  5920 | D:4      | Killed Ijyb
  6193 | D:5      | Entered Level 5 of the Dungeon
  6459 | D:5      | Reached XP level 8. HP: 26/52 MP: 11/15
  6766 | D:5      | Reached skill level 5 in Conjurations
  7062 | D:6      | Reached skill level 5 in Spellcasting
  7068 | D:6      | Reached skill level 6 in Air Magic
  7319 | D:6      | Found an ancient bone altar of Kikubaaqudgha.
  7374 | D:6      | Found a stormy altar of Qazlal.
  7387 | D:6      | Found a blossoming altar of Fedhas.
  7625 | D:6      | Found a glowing silver altar of Zin.
  7625 | D:6      | Found an iron altar of Okawaru.
  7776 | D:6      | Reached skill level 1 in Armour
  8030 | D:6      | Learned a level 2 spell: Swiftness
  8036 | D:6      | Learned a level 5 spell: Lightning Bolt
  8608 | D:5      | Found a staircase to the Ecumenical Temple.
  8613 | Temple   | Entered the Ecumenical Temple
  8676 | Temple   | Became a worshipper of Cheibriados the Contemplative
  9242 | D:7      | Reached XP level 9. HP: 57/57 MP: 16/16
  9701 | D:8      | Noticed a two-headed ogre
  9714 | D:8      | Slain by a two-headed ogre

Skill      XL: |  1  2  3  4  5  6  7  8  9 |
---------------+----------------------------+-----
Air Magic      | 3 4 5 6 |  6.1
Conjurations   | 2 3 4 5 |  5.4
Spellcasting   | 3 4 5 |  5.2
Maces & Flails | 1 2 4 |  4.5
Armour         | 3 4 |  4.2
Dodging        | |  1.7
Stealth        | |  1.7

Action                   |  1- 3 |  4- 6 |  7- 9 || total
-------------------------+-------+-------+-------++-------
Melee: Unarmed           |    10 |       |       ||    10
       Short sword       |     9 |    58 |       ||    67
       Quarterstaff      |       |    17 |    99 ||   116
       Great mace        |       |    10 |    62 ||    72
 Fire: Shortbow          |       |       |     8 ||     8
 Cast: Shock             |   107 |   101 |    49 ||   257
       Airstrike         |       |       |     3 ||     3
Evoke: Wand              |       |       |     1 ||     1
  Use: Potion            |       |     2 |     1 ||     3
       Scroll            |       |     1 |     9 ||    10
 Stab: Sleeping          |       |     1 |     1 ||     2
  Eat: Chunk             |     5 |     9 |    12 ||    26
       Ration            |       |       |     1 ||     1
Armor: Robe              |     6 |    59 |    63 ||   128
       Gold dragon scale |       |       |    27 ||    27
Dodge: Dodged            |    30 |   118 |   123 ||   271
